 Dungeon Crawl Stone Soup version 0.27.0-1-g7a089689b8 (webtiles) character file.

Game seed: 1081697469124751330

1 mandarbmax the Caller (level 1, -1/14 HPs)
             Began as a Minotaur Summoner on July 31, 2021.
             Hit by a stone thrown by a kobold (2 damage)
             ... on level 1 of the Dungeon.
             The game lasted 00:00:09 (32 turns).

mandarbmax the Caller (Minotaur Summoner)             Turns: 32, Time: 00:00:10

Health: -1/14      AC:  2    Str: 12    XL:     1   Next: 16%
Magic:  1/1        EV: 12    Int: 12    God:
Gold:   10         SH:  0    Dex: 10    Spells: 1/2 levels left

rFire    . . .     SeeInvis .   (no weapon)
rCold    . . .     Faith    .   (no shield)
rNeg     . . .     Spirit   .   a - +0 robe
rPois    .         Reflect  .   (helmet restricted)
rElec    .         Harm     .   (no cloak)
rCorr    .         Rampage  .   (no gloves)
Will     .....                  (no boots)
Stlth    ++........             (no amulet)
HPRegen  0.04/turn              (no ring)
MPRegen  0.07/turn              (no ring)

@: no status effects
A: horns 2, retaliatory headbutt
a: no special abilities


You were on level 1 of the Dungeon.
You visited 1 branch of the dungeon, and saw 1 of its levels.

You collected 10 gold pieces.

Inventory:

Armour
 a - a +0 robe (worn)


   Skills:
 + Level 0.2 Fighting
 + Level 2.2 Dodging
 - Level 1.5 Stealth
 - Level 1.3 Spellcasting
 - Level 2.9 Summonings


You had one spell level left.
You knew the following spells:

 Your Spells              Type           Power      Damage    Failure   Level
a - Summon Small Mammal   Summ           28%        N/A       9%          1

Your spell library contained the following spells:

 Spells                   Type           Power      Damage    Failure   Level
 Call Imp                 Summ           7%         N/A       13%         2
 Call Canine Familiar     Summ           7%         N/A       26%         3
 Summon Guardian Golem    Hex/Summ       4%         N/A       43%         3
 Summon Lightning Spire   Summ/Air       4%         N/A       83%         4


Dungeon Overview and Level Annotations

Branches:
Dungeon (1/15)

Altars:


Innate Abilities, Weirdness & Mutations

You have a pair of horns on your head.
You reflexively headbutt those who attack you in melee.


Message History

You add the spells Summon Small Mammal, Call Imp, Call Canine Familiar, Summon Guardian Golem and Summon Lightning Spire to your library.
Welcome, mandarbmax the Minotaur Summoner.
The bosom of this dungeon contains the awesome artefact, the Orb of Zot.
Press ? for a list of commands and other information.
Found a staircase leading out of the dungeon.
You open the door.
Found 21 stones.
There is an open door here.
You now have 10 gold pieces.
A goblin comes into view. It is wielding a +0 dagger.
The goblin shouts!
You hear a shout!
A goblin is nearby! 2 kobolds come into view.
The kobold shouts!
You hit the goblin. You headbutt the goblin.
You kill the goblin!
The kobold throws a stone.
The stone hits you but does no damage.
You see here a +0 dagger.
You closely miss the kobold. The kobold hits you with a +0 dagger.
The kobold barely misses you.
You barely miss the kobold. The kobold misses you. You furiously retaliate!
You headbutt the kobold, but do no damage.
The kobold closely misses you.
You closely miss the kobold. The kobold misses you.
The kobold hits you with a +0 dagger.
You closely miss the kobold.
The kobold hits you with a +0 dagger. x2
* * * LOW HITPOINT WARNING * * *
You are too injured to fight recklessly!
You are too injured to fight recklessly!
You are too injured to fight recklessly!
You are too injured to fight recklessly!
You are too injured to fight recklessly!
You see here a +0 dagger.
The kobold throws a stone.
The stone hits you.
You die...

..... ..##. . ....#
.#..#.. #...# ..... #....
.... ...# ..# ##.
#.##.##.... ######.#
####..K.......
....#.#####....)K.##...#
.
#.....#...#...@.........
.##.....#...#........####
........#...#........#
..(.....#............#
........##....##.....#
#.....##....##.....#
###'#.##....####+#.+
##.#.#.......+ .#
#<...#.......# #


You could see 2 kobolds.

Vanquished Creatures
  A goblin (D:1)
1 creature vanquished.

Notes
Turn   | Place    | Note
-------+----------+-------------------------------------------
     0 | D:1      | mandarbmax the Minotaur Summoner began the quest for the
                  | Orb.
     0 | D:1      | Reached XP level 1. HP: 14/14 MP: 1/1
    32 | D:1      | Hit by a stone thrown by a kobold

Illustrated notes

Levels and vault maps discovered:
D:1:      saegor_arrival_simple_a, layout_basic,
          hangedman_decor_clover_reticule, nrook_mini_backslash

Action                   || total
-------------------------++-------
Melee: Unarmed           ||     5
       Headbutt          ||     1
Armor: Robe              ||     1
Dodge: Dodged            ||     4
